 Dungeon Crawl Stone Soup version 0.30-a0-358-g0d69a1922f (webtiles) character file.

Game seed: 6423479815571982828

4871 mopl the Covert (level 10, -1/72 HPs)
             Began as an Octopode Brigand on Nov 9, 2022.
             Slain by a yak (6 damage)
             ... on level 8 of the Dungeon.
             The game lasted 00:17:15 (7628 turns).

mopl the Covert (Octopode Brigand)                  Turns: 7628, Time: 00:17:15

Health: -1/72      AC:  1    Str: 11    XL:     10   Next: 50%
Magic:  10/10      EV: 14    Int: 17    God:
Gold:   497        SH:  9    Dex: 14    Spells: 9/9 levels left

rFire   + . .      SeeInvis +    a - +1 dagger (protect)
rCold   . . .      Faith    .    S - +0 buckler
rNeg    + + .      Spirit   .    (helmet restricted)
rPois   .          Reflect  +    h - amulet of reflection
rElec   .          Harm     .    o - ring of positive energy
rCorr   +          Rampage  .    q - ring of positive energy
Will    .....                    w - ring of resist corrosion
Stlth   ++++++....               J - ring of protection from fire
HPRegen 0.32/turn                L - ring of see invisible
MPRegen 0.12/turn                M - ring of wizardry
                                 (no ring)
                                 (no ring)

@: attractive
A: almost no armour, amphibious, 8 rings, camouflage 1, gelatinous body 1,
(nimble swimmer 1), tentacles
a: no special abilities


You were on level 8 of the Dungeon.
You visited 2 branches of the dungeon, and saw 9 of its levels.
You also visited: Sewer and Ossuary.

You collected 497 gold pieces.

Inventory:

Hand Weapons
 a - a +1 dagger of protection (weapon)
 m - a +2 dagger
 z - a +2 vampiric short sword
 D - a +1 dagger of speed
Missiles
 b - 26 poisoned darts (quivered)
 c - 5 curare-tipped darts
 E - 2 throwing nets
 G - 5 boomerangs
Armour
 v - a +0 kite shield
 S - a +0 buckler (worn)
Magical Staves
 Q - a staff of death
Jewellery
 h - an amulet of reflection (around mantle)
 k - an amulet of faith {!P}
 o - a ring of positive energy (left tentacle)
 q - a ring of positive energy (right tentacle)
 w - a ring of resist corrosion (on tentacle)
 J - a ring of protection from fire (on tentacle)
 L - a ring of see invisible (on tentacle)
 M - a ring of wizardry (on tentacle)
Wands
 N - a wand of polymorph (3)
 W - a wand of flame (17)
Scrolls
 d - 2 scrolls of amnesia {unknown}
 e - 4 scrolls of teleportation
 j - a scroll of fear {unknown}
 n - 3 scrolls of magic mapping {unknown}
 p - 5 scrolls of butterflies
 r - a scroll of poison {unknown}
 y - a scroll of silence {unknown}
 A - 2 scrolls of enchant armour {unknown}
 C - 2 scrolls of blinking {unknown}
 I - 2 scrolls of vulnerability {unknown}
 O - 3 scrolls of summoning {unknown}
 P - a scroll of torment {unknown}
 U - 2 scrolls of immolation
 V - a scroll of brand weapon {unknown}
Potions
 f - 3 potions of ambrosia
 g - 5 potions of curing
 i - 2 potions of brilliance
 l - 4 potions of attraction
 s - a potion of might
 t - 5 potions of mutation {!q}
 u - a potion of resistance
 x - 2 potions of haste
 B - a potion of cancellation
 F - 3 potions of magic {unknown}
 H - 3 potions of invisibility {unknown}
 K - a potion of heal wounds {unknown}
 R - a potion of lignification {!q}
 T - a potion of flight


   Skills:
 + Level 8.1 Fighting
 - Level 2.0 Short Blades
 + Level 8.1 Throwing
 + Level 4.2 Dodging
 + Level 12.3 Stealth
 + Level 2.8 Shields
 + Level 4.5 Evocations


You had 9 spell levels left.
You didn't know any spells.
Your spell library contained the following spells:

 Spells                   Type           Power      Damage    Failure   Level
 Kiss of Death            Conj/Necr      0%         2d5       12%         1
 Confusing Touch          Hex            0%         N/A       34%         3
 Ignite Poison            Fire/Tmut/Pois 0%         N/A       34%         3
 Dispel Undead            Necr           0%         3d6       73%         4
 Sticky Flame             Conj/Fire      0%         2d3       73%         4
 Summon Forest            Summ/Tloc      0%         N/A       96%         5
 Eringya's Noxious Bog    Tmut/Pois      0%         N/A       100%        6
 Summon Hydra             Summ           0%         N/A       100%        7
 Ignition                 Fire           0%         3d3       100%        8


Dungeon Overview and Level Annotations

Branches:
Dungeon (8/15)             Temple (1/1) D:5           Sewer (visited)
Ossuary (visited)
   Lair: D:8-11

Altars:
Ashenzari
Cheibriados
Elyvilon
Fedhas
Gozag
Hepliaklqana
Kikubaaqudgha
Makhleb
Nemelex Xobeh
Okawaru
Qazlal
Ru
Sif Muna
Trog
Uskayaw
Vehumet
Wu Jian
Xom
Yredelemnul
Zin
The Shining One

Annotations:
D:3 bb
D:4 1 runed translucent door, Crazy Yiuf
D:8 Psyche


Innate Abilities, Weirdness & Mutations

You cannot wear most types of armour.
You are amphibious.
You can wear up to eight rings at the same time.
Your skin changes colour to match your surroundings (Stealth+).
Your rubbery body absorbs attacks. (AC +1, EV +1)
((You are camouflaged when in or above water. (Stealth+)))
You have tentacles for arms and can constrict up to eight enemies at once.


Message History

You throw a poisoned dart. The poisoned dart hits the yak!
The yak is poisoned.
Unknown command.
The yak attacks as you move away! You block the yak's attack.
The yak attacks as you move away! The yak gores you.
You see here 2 poisoned darts.
Throw: 28 darts (poison)
Press: ? - help, Q - select action, (/) - cycle Shift-Dir - straight line, f/p - yak
Aim: a yak (lightly wounded, very poisoned, 76% to hit)
You throw a poisoned dart. The poisoned dart hits the yak!
The yak looks as sick as possible!
The yak is lightly wounded.
The yak attacks as you move away! You block the yak's attack.
The yak looks more healthy.
The yak attacks as you move away! The yak gores you!
There is a stone staircase leading up here.
Throw: 27 darts (poison)
Press: ? - help, Q - select action, (/) - cycle Shift-Dir - straight line, f/p - yak
Aim: a yak (moderately wounded, extremely poisoned, 76% to hit)
You throw a poisoned dart. The poisoned dart hits the yak!
The yak looks as sick as possible!
The yak is moderately wounded.
You block the yak's attack. The yak attacks as you move away!
The yak completely misses you. The yak gores you! The yak gores you!
The yak gores you. The yak gores you!
* * * LOW HITPOINT WARNING * * *
You hear a bellow!
The yak attacks as you move away! The yak barely misses you.
The yak attacks as you move away! The yak gores you!
* * * LOW HITPOINT WARNING * * *
The yak bellows!
The yak snorts and paws the ground.
You block the yak's attack.
You see here a poisoned dart.
Okay, then.
It was a potion of attraction.
You feel attractive to monsters. The yak misses you. The yak gores you.
You die...

........ #...... ........
##....... ... ........
#.......###.. .##........
#..............#........
##.............##.......
#......##.##............
#.......#......#........
###..##YY@......##[.......
#.......Y#YY....#.........
.##......#...........#...
#(.##.##...........##..
##..###(............##.
##.Y.(#......()......(
###............###...
#............##..##
###..............##


You could see 5 yaks.

Vanquished Creatures
  Pikel (D:5)
  A troll (D:6)
  A wyvern (D:6)
  2 steam dragons
  A yak (D:8)
  Edmund (D:5)
  Duvessa (D:4)
  2 water moccasins
  2 orc warriors
  A swamp drake (D:7)
  2 ice beasts
  3 sky beasts (D:7)
  A black bear (D:7)
  3 ogres
  2 lemures
  7 kobold brigands
  5 bullfrogs (D:7)
  A gnoll sergeant (D:5)
  Blork the orc (D:6)
  A necrophage (D:7)
  2 scorpions (D:7)
  Dowan (D:4)
  2 howler monkeys
  A centaur zombie (Ossuary)
  5 hounds
  2 jellies
  A human zombie (Ossuary)
  2 orc priests
  9 orc wizards
  4 mummies (Ossuary)
  10 gnolls
  A river rat (Sewer)
  13 adders
  2 ufetubi (D:4)
  5 worms
  3 dart slugs
  20 orcs
  11 endoplasms
  6 giant cockroaches
  2 goblins
  4 hobgoblins
  2 quokkas (D:4)
  7 ball pythons
  4 bats
  4 frilled lizards
  3 goblin zombies (Ossuary)
  A hobgoblin zombie (Ossuary)
  12 kobolds
  A kobold zombie (Ossuary)
  An orc zombie (Ossuary)
  9 rats
189 creatures vanquished.

Vanquished Creatures (others)
  6 fungi
  3 plants (D:5)
9 creatures vanquished.

Grand Total: 198 creatures vanquished

Notes
Turn   | Place    | Note
-------+----------+-------------------------------------------
     0 | D:1      | mopl the Octopode Brigand began the quest for the Orb.
     0 | D:1      | Reached XP level 1. HP: 14/14 MP: 1/1
    33 | D:1      | Found a faded altar of an unknown god.
   314 | D:1      | Reached XP level 2. HP: 19/19 MP: 2/2
   756 | D:2      | Reached XP level 3. HP: 21/25 MP: 3/3
  1074 | D:2      | Reached skill level 6 in Stealth
  1377 | D:2      | Reached XP level 4. HP: 29/30 MP: 4/4
  1469 | D:3      | Reached skill level 3 in Fighting
  1469 | D:3      | Reached skill level 3 in Throwing
  1715 | D:3      | Reached XP level 5. HP: 27/36 MP: 5/5
  1735 | D:3      | Found a glowing drain.
  1745 | Sewer    | Entered a sewer
  1783 | Sewer    | Noticed a kobold brigand
  1790 | Sewer    | Killed a kobold brigand
  1791 | Sewer    | Reached skill level 7 in Stealth
  1856 | Sewer    | Noticed a kobold brigand
  1864 | Sewer    | Killed a kobold brigand
  1865 | Sewer    | Reached skill level 4 in Fighting
  1865 | Sewer    | Reached skill level 4 in Throwing
  1865 | Sewer    | Reached XP level 6. HP: 40/43 MP: 6/6
  2129 | Sewer    | Reached XP level 7. HP: 49/49 MP: 7/7
  2154 | Sewer    | Reached skill level 8 in Stealth
  2669 | D:4      | Noticed Dowan
  2699 | D:4      | Reached skill level 5 in Throwing
  2748 | D:4      | Reached skill level 5 in Fighting
  3188 | D:4      | Found a runed translucent door.
  3189 | D:4      | Noticed Crazy Yiuf
  3345 | D:4      | Noticed Duvessa
  3365 | D:4      | Killed Duvessa
  3366 | D:4      | Reached skill level 9 in Stealth
  3366 | D:4      | Reached XP level 8. HP: 30/55 MP: 8/8
  3387 | D:5      | Entered Level 5 of the Dungeon
  3776 | D:4      | Killed Dowan
  4267 | D:5      | Noticed Edmund
  4293 | D:5      | Found a staircase to the Ecumenical Temple.
  4298 | D:5      | Killed Edmund
  4299 | D:5      | Reached skill level 6 in Throwing
  4306 | Temple   | Entered the Ecumenical Temple
  4423 | D:5      | Noticed Pikel
  4427 | D:5      | Reached skill level 6 in Fighting
  4442 | D:5      | Found a blossoming altar of Fedhas.
  4482 | D:5      | Reached skill level 10 in Stealth
  4704 | D:5      | Killed Pikel
  4705 | D:5      | Reached XP level 9. HP: 63/63 MP: 9/9
  5100 | D:6      | Noticed a troll
  5102 | D:6      | Killed a troll
  5103 | D:6      | Reached skill level 7 in Fighting
  5103 | D:6      | Reached skill level 7 in Throwing
  5103 | D:6      | Reached skill level 11 in Stealth
  5103 | D:6      | Reached skill level 1 in Evocations
  5370 | D:6      | Reached skill level 2 in Dodging
  5395 | D:6      | Reached skill level 2 in Evocations
  5714 | D:6      | Noticed Blork the orc
  5725 | D:6      | Killed Blork the orc
  5805 | D:6      | Found a white marble altar of Elyvilon.
  6032 | D:7      | Noticed Joseph
  6034 | D:7      | Joseph changed into Joseph the swamp drake
  6034 | D:7      | Noticed Joseph
  6050 | D:7      | Killed Joseph the swamp drake
  6148 | D:7      | Found a sand-covered staircase.
  6163 | Ossuary  | Entered an ossuary
  6193 | Ossuary  | Reached skill level 3 in Evocations
  6221 | Ossuary  | Reached skill level 3 in Dodging
  6432 | D:7      | Reached skill level 1 in Shields
  6483 | D:7      | Reached XP level 10. HP: 53/71 MP: 10/10
  6663 | D:7      | Found a stormy altar of Qazlal.
  6669 | D:7      | Found an opulent altar of Gozag.
  6703 | D:6      | Reached skill level 12 in Stealth
  6703 | D:6      | Reached skill level 2 in Shields
  6899 | D:7      | Found an ancient bone altar of Kikubaaqudgha.
  6899 | D:7      | Found a sparkling altar of Nemelex Xobeh.
  6907 | D:7      | Found a burning altar of Makhleb.
  6951 | D:7      | Reached skill level 4 in Evocations
  7136 | D:7      | Reached skill level 4 in Dodging
  7209 | D:7      | Reached skill level 8 in Throwing
  7276 | D:7      | Reached skill level 8 in Fighting
  7431 | D:8      | Noticed Psyche
  7628 | D:8      | Slain by a yak

Illustrated notes

Levels and vault maps discovered:
D:1:      minmay_arrival_cross, layout_basic, shapermc_ecumenical_altar_gd
D:2:      layout_basic, hangedman_decor_growths, st_stairs_14,
          minmay_pentomino_q4
D:3:      cheibrodos_pilgrimage, layout_rooms, portal_sewer_entry_d,
          hangedman_glass_teeth
D:4:      layout_basic, minivault_1, uniq_crazy_yiuf_cottage, uniq_duvessa
D:5:      layout_cave_pools, fedhas_altar_3, minmay_temple_entry_glassed_door,
          uniq_edmund, uniq_pikel
D:6:      layout_loops_corners, nicolae_elyvilon_peaceful_grove,
          uniq_blork_the_orc
D:7:      minmay_razor_zed, layout_cave_pools,
          nicolae_overflow_hallway_of_the_gods,
          nicolae_ossuary_entry_false_entrances, uniq_joseph
D:8:      layout_cave_pools, mainiacjoe_overflow_catwalk, lair_entry_dummy,
          uniq_psyche
Temple:   jpeg_temple_clearing

Skill      XL: |  1  2  3  4  5  6  7  8  9 10 |
---------------+-------------------------------+-----
Stealth        | 6 7 9 10 11 12 | 12.3
Fighting       | 3 4 5 6 7 8 |  8.1
Throwing       | 3 4 5 6 7 8 |  8.1
Evocations     | 3 4 |  4.5
Dodging        | 3 4 |  4.2
Shields        | 1 2 |  2.8
Short Blades   | |  2.0

Action                   |  1- 3 |  4- 6 |  7- 9 | 10-12 || total
-------------------------+-------+-------+-------+-------++-------
Melee: Dagger            |    52 |    61 |   346 |   107 ||   566
       Constrict         |    10 |    13 |    53 |    11 ||    87
       Tentacles         |     8 |    13 |    92 |    28 ||   141
       Punch             |       |       |     4 |     2 ||     6
       Unarmed           |       |       |     1 |       ||     1
       Short sword       |       |       |       |     3 ||     3
Throw: Dart              |       |       |    23 |    29 ||    52
Evoke: Wand              |       |       |     1 |       ||     1
  Use: Scroll            |       |       |     6 |     3 ||     9
       Potion            |       |       |     1 |     2 ||     3
 Stab: Sleeping          |    15 |    14 |    34 |     7 ||    70
       Distracted        |     1 |     1 |     1 |     1 ||     4
Armor: Skin              |     5 |     8 |    70 |    12 ||    95
Dodge: Dodged            |    18 |    19 |   139 |    54 ||   230
Block: Other             |     9 |     5 |    43 |       ||    57
       Reflection        |       |     1 |     1 |       ||     2
       Buckler           |       |       |    11 |    43 ||    54

Table legend: (Time is in decaauts)
 A = Elapsed time spent in this place.
 B = Non-inter-level travel time spent in this place.
 C = Inter-level travel time spent in this place.
 D = Time resting spent in this place.
 E = Time spent auto-exploring this place.
 F = Levels seen in this place.
 G = Mean time per level.
                   A        B        C        D        E       F      G
               +--------+--------+--------+--------+--------+-----+--------+
         Total |   7563 |   7232 |    331 |    890 |   3925 |  11 |  687.5 |
       Dungeon |   6665 |   6347 |    318 |    878 |   3452 |   8 |  833.1 |
        Temple |    107 |     94 |     13 |      0 |     82 |   1 |  107.0 |
         Sewer |    561 |    561 |      0 |      0 |    342 |   1 |  561.0 |
       Ossuary |    228 |    228 |      0 |     12 |     49 |   1 |  228.0 |
               +--------+--------+--------+--------+--------+-----+--------+

Top non-repeatable levels by time:
     D:4: 1276 daAuts
     D:6: 1232 daAuts
     D:5: 983 daAuts
     D:7: 888 daAuts
     D:1: 741 daAuts
     D:2: 698 daAuts
     D:3: 580 daAuts
   Sewer: 561 daAuts
     D:8: 264 daAuts
 Ossuary: 228 daAuts
  Temple: 107 daAuts
